 Dungeon Crawl Stone Soup version 0.28.0-45-g0d030f2227 (webtiles) character file.

Game seed: 2185365316675890943

2259 Terpsis the Geomancer (level 9, -2/46 HPs)
             Began as a Deep Elf Earth Elementalist on Apr 28, 2022.
             Was an Initiate of Ru.
             Slain by an orc warrior
             ... wielding a +0 halberd
              (20 damage)
             ... on level 7 of the Dungeon.
             The game lasted 00:54:13 (7647 turns).

Terpsis the Geomancer (Deep Elf Earth Elementalist) Turns: 7647, Time: 00:54:14

Health: -2/46      AC:  6    Str:  5    XL:     9   Next: 15%
Magic:  22/22      EV: 16    Int: 21    God:    Ru [......]
Gold:   221        SH:  5    Dex: 19    Spells: 22/23 levels left

rFire   . . .      SeeInvis .   o - +1 dagger (speed)
rCold   . . .      Faith    .   j - orb {light}
rNeg    . . .      Spirit   .   U - +1 robe of the Weaver {Harm +Inv Will- Slay+6}
rPois   .          Reflect  +   (no helmet)
rElec   .          Harm     +   (no cloak)
rCorr   .          Rampage  .   (no gloves)
Will    .....                   L - +2 pair of boots
Stlth   ++........              k - amulet of reflection
HPRegen 0.15/turn               n - ring of wizardry
MPRegen 0.18/turn               (no ring)

@: glowing
A: no striking features
a: Renounce Religion, Evoke Invisibility, Sacrifice Artifice, Sacrifice Health,
Sacrifice Durability, Reject Sacrifices


You were on level 7 of the Dungeon.
You worshipped Ru.
Ru was noncommittal.
You visited 2 branches of the dungeon, and saw 8 of its levels.

You collected 221 gold pieces.

Inventory:

Hand Weapons
 d - a +0 short sword
 e - a +0 giant spiked club
 f - a +0 dagger
 h - a +1 dagger of pain
 o - a +1 dagger of speed (weapon)
 y - a +0 giant spiked club
 E - a +0 hand crossbow
 J - a +1 dagger of venom
 O - a +3 battleaxe of freezing
 P - a +2 morningstar
 Q - a +4 short sword
 V - a +4 halberd
Missiles
 c - 71 stones
 F - 19 bolts
Armour
 b - a +0 robe
 j - an orb of light (worn)
 v - a +0 robe
 K - the +5 ring mail "Qapsushri" {rPois}
   (You found it on level 4 of the Dungeon)

   rPois:     It protects you from poison.
 L - a +2 pair of boots (worn)
 R - a +0 robe of fire resistance
 U - the +1 robe of the Weaver (worn) {Harm +Inv Will- Slay+6}
   (You found it on level 6 of the Dungeon)

   Slay:      It affects your accuracy & damage with ranged weapons and melee
   (+6).
   +Inv:      It lets you turn invisible.
   Harm:      It increases damage dealt and taken.
   Will:      It decreases your willpower.
Jewellery
 k - an amulet of reflection (around neck)
 m - an amulet of faith
 n - a ring of wizardry (left hand)
 s - an amulet of regeneration
Wands
 w - a wand of paralysis (9)
 A - a wand of polymorph (9)
 D - a wand of digging (8)
 M - a wand of acid (8)
Scrolls
 g - 3 scrolls of identify
 l - a scroll of blinking
 p - a scroll of enchant weapon
 q - 3 scrolls of teleportation
 t - a scroll of fear {unknown}
 x - a scroll of brand weapon {unknown}
 C - 2 scrolls of amnesia {unknown}
 H - a scroll of fog {unknown}
 I - a scroll of torment {unknown}
 N - 2 scrolls of magic mapping {unknown}
 T - 2 scrolls of enchant armour {unknown}
Potions
 i - 4 potions of magic {unknown}
 r - 4 potions of curing {unknown}
 u - 2 potions of ambrosia {unknown}
 z - a potion of mutation {unknown}
 B - 3 potions of lignification {unknown}
 G - 2 potions of might {unknown}
 S - 2 potions of flight {unknown}


   Skills:
 + Level 0.3 Fighting
 + Level 1.9 Short Blades
 * Level 6.9 Dodging
 + Level 5.9 Stealth
 + Level 0.7 Shields
 + Level 7.9 Spellcasting
 + Level 4.1 Transmutations
 * Level 8.2 Earth Magic


You had 22 spell levels left.
You knew the following spells:

 Your Spells              Type           Power      Damage    Failure   Level
a - Sandblast             Erth           86%        2d18      1%          1

Your spell library contained the following spells:

 Spells                   Type           Power      Damage    Failure   Level
 Passwall                 Tmut/Erth      28%        N/A       1%          2
 Stone Arrow              Conj/Erth      50%        3d10      1%          3
 Petrify                  Tmut/Erth      34%        N/A       2%          4
 Foxfire                  Conj/Fire      32%        2x1d5     3%          1
 Magic Dart               Conj           32%        1d4       3%          1
 Call Imp                 Summ           8%         N/A       4%          2
 Conjure Flame            Conj/Fire      8%         6-21      10%         3
 Inner Flame              Hex/Fire       8%         N/A       10%         3
 Mephitic Cloud           Conj/Pois/Air  8%         N/A       10%         3
 Flame Wave               Conj/Fire      8%         2d5       32%         4


Dungeon Overview and Level Annotations

Branches:
Dungeon (7/15)             Temple (1/1) D:5

Altars:
Ashenzari
Cheibriados
Dithmenos
Elyvilon
Fedhas
Gozag
Hepliaklqana
Kikubaaqudgha
Makhleb
Nemelex Xobeh
Okawaru
Ru
Sif Muna
Uskayaw
Vehumet
Wu Jian
Zin
The Shining One

Annotations:
D:3 exclusion: statue
D:4 1 runed translucent door, RatCamp's ghost, amateur TrBe


Message History

You kill the orc!
Things that are here:
a +0 whip; an orc corpse
There is a stone staircase leading down here.
Magic restored.
You start resting.
HP restored.
There is a stone staircase leading down here.
You climb downwards.
The centaur skeleton barely misses you.
You block the centaur skeleton's attack.
The centaur skeleton hits you but does no damage.
The centaur skeleton misses you.
There is a stone staircase leading up here.
You hit the centaur skeleton.
The centaur skeleton is lightly damaged.
You hit the centaur skeleton.
The centaur skeleton is moderately damaged.
The centaur skeleton hits you but does no damage.
The centaur skeleton misses you.
You hit the centaur skeleton.
The centaur skeleton is heavily damaged.
The centaur skeleton closely misses you.
The centaur skeleton kicks you but does no damage.
You hit the centaur skeleton.
The centaur skeleton is heavily damaged.
You block the centaur skeleton's attack.
The centaur skeleton kicks you but does no damage.
You hit the centaur skeleton.
The centaur skeleton is severely damaged.
The centaur skeleton hits you but does no damage.
The centaur skeleton barely misses you.
You puncture the centaur skeleton!
You destroy the centaur skeleton!
The orc warrior hits you with a +0 halberd!
You hit the orc warrior but do no damage.
The orc warrior hits you with a +0 halberd!
You barely miss the orc warrior. You barely miss the orc warrior.
The orc warrior hits you with a +0 halberd!
You die...

.. .#
##.##.###
....... ####
#.#[.#
....###.#).#
..........#
##........#
#######..o.##
.........@<#
######<..##
.........##
.#########


You could see an orc warrior.

Vanquished Creatures
  2 sky beasts
  2 black bears (D:6)
  An ogre (D:4)
  4 necrophages
  2 centaurs
  A phantom (D:5)
  A bullfrog (D:6)
  A wyvern zombie (D:6)
  2 water moccasin zombies (D:6)
  A scorpion (D:5)
  3 howler monkeys
  4 wights
  2 centaur zombies
  A bullfrog zombie (D:6)
  A human zombie (D:6)
  2 hounds (D:6)
  An orc priest (D:7)
  3 jellies
  Jessica (D:2)
  A centaur skeleton (D:7)
  An iguana (D:5)
  2 orc wizards (D:6)
  2 killer bee zombies (D:6)
  2 mummies (D:6)
  A howler monkey zombie (D:5)
  4 adders
  A white imp (D:6)
  3 worms
  A dart slug (D:3)
  9 orcs
  5 endoplasms
  3 giant cockroaches
  14 goblins
  9 hobgoblins
  6 jackals
  6 kobolds
  8 quokkas
  11 ball pythons
  5 bats
  A frilled lizard (D:2)
  8 rats
138 creatures vanquished.

Notes
Turn   | Place    | Note
-------+----------+-------------------------------------------
     0 | D:1      | Terpsis the Deep Elf Earth Elementalist began the quest for
                  | the Orb.
     0 | D:1      | Reached XP level 1. HP: 10/10 MP: 6/6
   169 | D:1      | Reached XP level 2. HP: 7/15 MP: 1/8
   352 | D:1      | Found a faded altar of an unknown god.
  1079 | D:1      | Reached XP level 3. HP: 12/19 MP: 9/9
  1501 | D:2      | Noticed Jessica
  2077 | D:2      | Found a snail-covered altar of Cheibriados.
  2196 | D:3      | Found a broken altar of Ashenzari.
  2199 | D:3      | Reached XP level 4. HP: 24/24 MP: 9/11
  2446 | D:3      | Found a shadowy altar of Dithmenos.
  2537 | D:3      | Found a radiant altar of Vehumet.
  2537 | D:3      | Noticed a frost-covered statue
  3050 | D:3      | Found a hide-covered altar of Uskayaw.
  3321 | D:2      | Killed Jessica
  3322 | D:2      | Reached skill level 4 in Earth Magic
  3740 | D:4      | Noticed an ogre
  3745 | D:4      | Killed an ogre
  3746 | D:4      | Reached XP level 5. HP: 28/28 MP: 10/13
  3951 | D:4      | Noticed RatCamp's ghost (amateur TrBe)
  3953 | D:4      | Found a runed translucent door.
  4093 | D:4      | Noticed a necrophage
  4101 | D:4      | Killed a necrophage
  4102 | D:4      | Reached XP level 6. HP: 19/32 MP: 8/15
  4522 | D:4      | Identified the +5 ring mail "Qapsushri" {rPois}
  4566 | D:5      | Entered Level 5 of the Dungeon
  4687 | D:5      | Reached skill level 5 in Spellcasting
  4865 | D:5      | Reached XP level 7. HP: 20/36 MP: 10/16
  4868 | D:5      | Reached skill level 5 in Stealth
  4868 | D:5      | Reached skill level 5 in Earth Magic
  5142 | D:5      | Found a staircase to the Ecumenical Temple.
  5314 | Temple   | Entered the Ecumenical Temple
  5374 | Temple   | Became a worshipper of Ru the Awakened
  5555 | D:5      | Reached skill level 5 in Dodging
  5931 | D:6      | Identified the +1 robe of the Weaver {Harm +Inv Will-
                  | Slay+6}
  5962 | D:6      | Reached XP level 8. HP: 41/41 MP: 15/19
  6013 | D:6      | Reached skill level 6 in Earth Magic
  6369 | D:6      | Found a shimmering blue altar of Sif Muna.
  6380 | D:6      | Reached skill level 7 in Earth Magic
  6569 | D:6      | Found a glowing golden altar of the Shining One.
  6885 | D:6      | Found a snail-covered altar of Cheibriados.
  6947 | D:6      | Reached skill level 1 in Short Blades
  7026 | D:6      | Found an ancient bone altar of Kikubaaqudgha.
  7189 | D:6      | Reached XP level 9. HP: 24/44 MP: 18/22
  7198 | D:6      | Reached skill level 8 in Earth Magic
  7647 | D:7      | Slain by an orc warrior

Illustrated notes

Levels and vault maps discovered:
D:1:      ncdulo_smallfort, layout_basic, chequers_ecumenical_altar_simple,
          minmay_misc_feat_cross, minmay_crystal_room
D:2:      layout_loops_cross, basic_altar, kennysheep_jessica_study
D:3:      layout_basic, mainiacjoe_overflow_six_doors_small,
          nicolae_uskayaw_dance_hall, vehumet_statue, lemuel_tele_altar,
          hangedman_feature_mirror
D:4:      layout_loops_cross, hellmonk_ghost_happy_afterlife, st_stairs_13
D:5:      layout_basic, minmay_temple_entry_glass, sigmund_army
D:6:      layout_basic, led_sif_book, lemuel_mausoleum_altar_kikubaaqudgha,
          slow_altar_2, kennysheep_little_box
D:7:      layout_loops_ring, nicolae_qazlal_eye_of_the_storm, kennysheep_dice
Temple:   cyrus_temple_forest

Skill      XL: |  1  2  3  4  5  6  7  8  9 |
---------------+----------------------------+-----
Stealth        | 3 4 5 |  5.9
Dodging        | 3 4 5 6 |  6.9
Transmutations | 2 3 4 |  4.1
Spellcasting   | 4 5 6 7 |  7.9
Earth Magic    | 4 5 7 8 |  8.2
Short Blades   | 1 |  1.9
Fighting       | |  0.3
Shields        | |  0.7

Action                   |  1- 3 |  4- 6 |  7- 9 || total
-------------------------+-------+-------+-------++-------
Melee: Short sword       |    16 |       |       ||    16
       Dagger            |    57 |    52 |   123 ||   232
       Punch             |     1 |       |       ||     1
 Cast: Sandblast         |    42 |    60 |    54 ||   156
  Use: Scroll            |       |     1 |     2 ||     3
       Potion            |       |       |     3 ||     3
 Stab: Sleeping          |     3 |       |     1 ||     4
Armor: Robe              |    12 |     3 |    19 ||    34
Dodge: Dodged            |    57 |    26 |    66 ||   149
Block: Orb               |     6 |    13 |    28 ||    47
       Reflection        |       |     2 |     1 ||     3
